AoeStats
← AgusCasla97

Arena

509778567Analyzed
1v1 RM · 5d ago on Sep 28, 2026· 39m 20s· 2 players
Game mode
Random Map
Map size
Tiny (2 player)
Population
200
Speed
Normal
Resources
Standard
Victory
Conquest
Starting age
Dark Age
Ending age
Imperial Age
RankedLock teamsTeams togetherTeam positionsShared explorationLock speedFull tech treeHidden civsTurbo modeCheats
Victory
Defeat
🇺🇸 Teutons · United States
796
+17
🇧🇷 Huns · Brazil
817
-44
AgusCasla97
10:28 Feudal Age
14:11 Castle Age
12:48 Double-Bit Axe
13:26 Horse Collar
19:13 Bow Saw
20:38 Wheelbarrow
24:08 Hand Cart
24:26 Heavy Plow
24:20 Stone Mining
25:21 Town Watch
26:30 Bloodlines
31:18 Imperial Age
28:29 Pikeman
29:09 Squires
29:31 Fletching
29:55 Gold Mining
30:53 Arson
31:55 Scale Barding Armor
32:02 Forging
31:54 Scale Mail Armor
31:32 Cavalier
33:25 Two-Man Saw
33:33 Chain Barding Armor
33:56 Crop Rotation
34:52 Iron Casting
34:49 Town Patrol
35:55 Paladin
36:47 Halberdier
Bress@
10:24 Loom
12:43 Feudal Age
18:14 Castle Age
31:48 Imperial Age
30:14 Murder Holes
31:07 Town Watch
32:42 Wheelbarrow
32:16 Stone Mining
35:23 Chemistry
35:04 Capped Ram
36:15 Double-Bit Axe
37:41 Bow Saw
38:33 Fervor
38:25 Atonement
Connection lost

Rejoining the realm…

Still unreachable

The connection could not be restored.

Session expired

The server has moved on; the page needs a fresh start.